 Dungeon Crawl Stone Soup version 0.31.0-32-g396128a36d (webtiles) character file.

Game seed: 11384825698200106568

25477 Jinxx the Frost Mage (level 13, 0/95 HPs)
             Began as a Merfolk Ice Elementalist on Apr 7, 2024.
             Was a High Priest of Qazlal.
             Killed by the air
             ... invoked by Voland's ghost
              (37 damage)
             ... on level 1 of the Spider Nest.
             The game lasted 01:20:56 (14322 turns).

Jinxx the Frost Mage (Merfolk Ice Elementalist)    Turns: 14322, Time: 01:20:57

Health: 0/95       AC: 15    Str: 14 (15) XL:     13   Next: 19%
Magic:  1/25       EV: 21    Int: 17 (18) God:    Qazlal [*****.]
Gold:   933        SH: 11    Dex: 15      Spells: 10/29 levels left

rFire   . . .        U - +4 trident (drain)
rCold   . . .        (no shield)
rNeg    . . .        X - +0 steam dragon scales
rPois   .            h - +2 helmet
rElec   +            (no cloak)
rCorr   .            s - +2 pair of gloves
SInv    .            M - +2 pair of boots {Fly}
Will    .....        Q - amulet of reflection
Stlth   +            x - +5 ring of evasion
HPRegen 0.35/turn    n - +6 ring of strength
MPRegen 0.19/turn

%: repel missiles, reflection
@: mighty, protected from electricity, flying, hasted, very quick
A: (nimble swimmer 2), mertail
a: Renounce Religion, Upheaval, Elemental Force, Disaster Area


You were on level 1 of the Spider Nest.
You worshipped Qazlal.
Qazlal was extremely pleased with you.
You visited 4 branches of the dungeon, and saw 13 of its levels.
You also visited: Ossuary and Bailey.

You collected 1281 gold pieces.
You spent 348 gold pieces at shops.

Inventory:

Hand Weapons
 d - a +0 shortbow of freezing
 R - a +2 trident of freezing
 U - a +4 trident of draining (weapon)
 W - a +2 glaive of pain
Armour
 h - a +2 helmet (worn)
 s - a +2 pair of gloves (worn)
 M - a +2 pair of boots of flying (worn)
 X - +0 steam dragon scales (worn)
Jewellery
 n - a +6 ring of strength (right hand)
 v - a +5 ring of evasion
 x - a +5 ring of evasion (left hand)
 z - an amulet of the acrobat
 E - a ring of see invisible
 L - a +6 ring of strength
 O - a ring of flight
 Q - an amulet of reflection (around neck)
 T - an amulet of guardian spirit
Wands
 D - a wand of charming (5)
Scrolls
 a - a scroll of identify
 e - 2 scrolls of butterflies
 g - 5 scrolls of vulnerability
 i - 3 scrolls of brand weapon
 j - 2 scrolls of fog
 k - 2 scrolls of revelation
 l - 7 scrolls of teleportation
 m - 2 scrolls of fear
 y - 3 scrolls of enchant armour
 A - 2 scrolls of poison
 B - 4 scrolls of noise
 C - 2 scrolls of blinking {unknown}
 I - a scroll of torment {unknown}
 J - a scroll of enchant weapon {unknown}
 P - a scroll of amnesia {unknown}
Potions
 c - 4 potions of lignification
 f - 4 potions of attraction
 o - 2 potions of invisibility
 p - a potion of berserk rage {unknown}
 t - 2 potions of curing
 u - 4 potions of enlightenment
 F - a potion of mutation {unknown}
 G - a potion of brilliance {unknown}
 H - 4 potions of might
 K - 2 potions of haste
 S - a potion of cancellation
 V - a potion of degeneration {unknown}
Miscellaneous
 N - a condenser vane


   Skills:
 * Level 6.8 Fighting
 + Level 0.7 Short Blades
 * Level 6.5 Polearms
 + Level 5.9 Ranged Weapons
 * Level 4.1 Armour
 * Level 8.2 Dodging
 + Level 2.6 Stealth
 + Level 1.3 Shields
 * Level 8.9 Spellcasting
 * Level 3.1 Conjurations
 * Level 4.7 Summonings
 * Level 10.4 Ice Magic
 * Level 2.8 Air Magic
 * Level 7.5 Alchemy
 * Level 5.6 Invocations
 * Level 4.4 Evocations


You had 10 spell levels left.
You knew the following spells:

 Your Spells              Type           Power      Damage    Failure   Level
a - Freeze                Ice            100%       1d10      1%          1
b - Frozen Ramparts       Ice            86%        1d13      1%          3
c - Ozocubu's Armour      Ice            43%        N/A       1%          3
d - Summon Ice Beast      Ice/Summ       33%        N/A       1%          3
e - Olgreb's Toxic Radia  Alch           33%        N/A       4%          4
f - Mephitic Cloud        Conj/Alch/Air  23%        N/A       4%          3
g - Call Imp              Summ           46%        N/A       1%          2

Your spell library contained the following spells:

 Spells                   Type           Power      Damage    Failure   Level
 Sting                    Conj/Alch      100%       1d9       1%          1
 Summon Small Mammal      Summ           92%        N/A       1%          1
 Mercury Vapours          Alch/Air       50%        N/A       1%          2
 Call Canine Familiar     Summ           23%        N/A       4%          3
 Necrotise                Necr           28%        1d5       10%         1
 Sublimation of Blood     Necr           7%         N/A       14%         2
 Leda's Liquefaction      Alch/Erth      10%        N/A       21%         4
 Petrify                  Alch/Erth      20%        N/A       21%         4
 Vampiric Draining        Necr           7%         2d6       28%         3
 Freezing Cloud           Conj/Ice/Air   13%        6-21      28%         5
 Metabolic Englaciation   Hex/Ice        12%        N/A       30%         5
 Martyr's Knell           Necr/Summ      15%        N/A       34%         4
 Summon Blazeheart Golem  Fire/Summ      15%        N/A       34%         4
 Summon Forest            Summ/Tloc      7%         N/A       69%         5
 Summon Mana Viper        Hex/Summ       15%        N/A       69%         5
 Summon Cactus Giant      Summ           11%        N/A       91%         6
 Curse of Agony           Necr           7%         N/A       95%         5
 Conjure Ball Lightning   Conj/Air       8%         3x3d6     99%         6
 Orb of Destruction       Conj           9%         9d6       100%        7
 Spellforged Servitor     Conj/Summ      10%        N/A       100%        7
 Summon Hydra             Summ           11%        N/A       100%        7
 Discord                  Hex            3%         N/A       100%        8
 Disjunction              Tloc           3%         N/A       100%        8


Dungeon Overview and Level Annotations

Branches:
Dungeon (9/15)             Temple (1/1) D:4            Lair (2/5) D:9
  Swamp (0/4) Lair:2       Spider (1/4) Lair:2      Ossuary (visited)
 Bailey (visited)
    Orc: D:9-12

Altars:
Cheibriados
Dithmenos
Elyvilon
Fedhas
Gozag
Hepliaklqana
Kikubaaqudgha
Nemelex Xobeh
Okawaru
Qazlal
Ru
Sif Muna
Trog
Uskayaw
Vehumet
Xom
Yredelemnul
Zin
The Shining One

Shops:
D:6 =   D:7 ?   D:9 *!

Annotations:
Lair:2 exclusion: oklob plant
Spider:1 Voland's ghost, adept TeAE


Innate Abilities, Weirdness & Mutations

((You are very nimble when in or above water. (Stealth+, EV+, Speed+++)))
Your lower body shifts to a powerful aquatic tail in water.


Message History

Voland's ghost is heavily damaged.
Voland's ghost resists.
The wall freezes Voland's ghost.
Voland's ghost hits you but does no damage.
You miss Voland's ghost.
Voland's ghost is heavily damaged.
Your icy armour evaporates.
Voland's ghost resists.
The wall freezes Voland's ghost.
You block Voland's ghost's attack.
You closely miss Voland's ghost.
Voland's ghost is heavily damaged.
You completely miss Voland's ghost.
Voland's ghost is heavily damaged.
The wall freezes Voland's ghost but does no damage.
Voland's ghost gestures at you while chanting.
The zap hits you.
Your resistance to fire fades away.
You feel protected from electricity. The zap misses you.
Aiming: Freeze (safe; 1% risk of failure)
Press: ? - help, Q - select action, (/) - cycle Shift-Dir - straight line, f/p - Voland's ghost
Aim: Voland's ghost (black smoke, heavily damaged)
You freeze Voland's ghost.
Voland's ghost resists.
Voland's ghost is heavily damaged.
Voland's ghost resists.
The wall freezes Voland's ghost.
You block Voland's ghost's attack.
You miss Voland's ghost.
Voland's ghost is heavily damaged.
The frozen ramparts melt away.
You feel better.
Voland's ghost hits you but does no damage.
You closely miss Voland's ghost.
Voland's ghost is heavily damaged.
Voland's ghost hits you.
You closely miss Voland's ghost.
Voland's ghost is heavily damaged.
You puncture Voland's ghost!
Voland's ghost is heavily damaged.
Voland's ghost waves its arms in wide circles.
The air twists around and strikes you!!!
You die...

#....##....#.......#
#....#.....#.....^##
#......#####....###
...#....### ######
#......# .....####.#
..#######.# .
§§#.○.# §§W@..#
§§#..## ######


You could see Voland's ghost.

Vanquished Creatures
  A boulder beetle (Lair:1)
  3 death yaks
  A skyshark (Lair:2)
  A pharaoh ant (Lair:2)
  An orc knight (Bailey)
  2 wolf spiders (Spider:1)
  A black mamba (Lair:2)
  5 cane toads
  Jeremiah (Lair:1)
  2 komodo dragons (Lair:2)
  A polar bear (Lair:1)
  A troll (D:9)
  A tyrant leech (Lair:2)
  A tarantella (Spider:1)
  A hornet (D:9)
  9 blink frogs (Lair:1)
  6 jumping spiders
  A shadow (D:9)
  A wyvern (D:9)
  2 basilisks (Lair:2)
  13 yaks
  Grum (Lair:1)
  15 redbacks
  A steam dragon (D:6)
  10 water moccasins
  6 black bears
  5 orc warriors
  2 sky beasts
  4 ice beasts
  An ogre (D:5)
  10 wolves
  3 centaurs
  3 phantoms
  4 bullfrogs
  A scorpion (Lair:2)
  3 wights (D:6)
  6 killer bees (D:9)
  A vampire bat (D:7)
  3 howler monkeys
  An electric eel (D:7)
  5 hounds
  2 human zombies (Ossuary)
  A jelly (D:6)
  3 orc priests
  A gnoll bouda (D:9)
  Terence (D:3)
  3 iguanas
  A sleepcap (D:6)
  14 orc wizards
  4 mummies (Ossuary)
  9 gnolls
  5 adders
  2 white imps
  3 dart slugs
  20 orcs
  5 endoplasms
  3 giant cockroaches (D:1)
  11 goblins
  7 hobgoblins
  8 jackals (D:2)
  15 kobolds
  5 quokkas
  4 ball pythons
  11 bats
  A frilled lizard (D:3)
  A goblin zombie (Ossuary)
  A jackal zombie (Ossuary)
  4 kobold zombies (Ossuary)
  7 rats
  3 rat zombies (Ossuary)
295 creatures vanquished.

Vanquished Creatures (collateral kills)
  A hydra (Lair:2)
  A catoblepas (Lair:1)
  2 wolf spiders (Spider:1)
  Maggie (Lair:1)
  A komodo dragon (Lair:1)
  A tarantella (Spider:1)
  3 yaks
  2 basilisks
  2 redbacks (Spider:1)
  An acid dragon (D:8)
  A water moccasin (Lair:2)
  A wolf (Lair:1)
  2 bullfrogs (Lair:2)
  An adder zombie (Ossuary)
20 creatures vanquished.

Vanquished Creatures (others)
  A ghost moth (Spider:1)
1 creature vanquished.

Grand Total: 316 creatures vanquished

Notes
Turn   | Place    | Note
-------+----------+-------------------------------------------
     0 | D:1      | Jinxx the Merfolk Ice Elementalist began the quest for the
                  | Orb.
     0 | D:1      | Reached XP level 1. HP: 13/13 MP: 3/3
   110 | D:1      | Reached XP level 2. HP: 14/19 MP: 0/5
   512 | D:1      | Reached skill level 1 in Fighting
   785 | D:2      | Reached XP level 3. HP: 24/26 MP: 6/6
   999 | D:2      | Found a shadowy altar of Dithmenos.
  1013 | D:2      | Found Ezaiza's General Store.
  1328 | D:2      | Learned a level 3 spell: Frozen Ramparts
  1582 | D:2      | Reached XP level 4. HP: 32/33 MP: 4/7
  2070 | D:3      | Noticed Terence
  2075 | D:3      | Killed Terence
  2222 | D:3      | Found an opulent altar of Gozag.
  2288 | D:3      | Reached skill level 5 in Ice Magic
  2288 | D:3      | Reached XP level 5. HP: 34/38 MP: 4/10
  2577 | D:4      | Noticed a phantom
  2656 | D:4      | Killed a phantom
  2657 | D:4      | Reached skill level 1 in Armour
  2657 | D:4      | Reached XP level 6. HP: 17/45 MP: 8/11
  2947 | D:4      | Noticed a black bear
  2967 | D:4      | Killed a black bear
  2968 | D:4      | Reached skill level 1 in Alchemy
  3120 | D:4      | Found a staircase to the Ecumenical Temple.
  3154 | Temple   | Entered the Ecumenical Temple
  3159 | Temple   | Became a worshipper of Qazlal Stormbringer
  3228 | D:4      | Found an ancient bone altar of Kikubaaqudgha.
  3275 | D:4      | Found a radiant altar of Vehumet.
  3335 | D:4      | Found a shimmering blue altar of Sif Muna.
  3947 | D:5      | Entered Level 5 of the Dungeon
  3971 | D:5      | Reached XP level 7. HP: 51/51 MP: 2/13
  4109 | D:5      | Reached skill level 1 in Ranged Weapons
  4362 | D:5      | Learned a level 3 spell: Ozocubu's Armour
  4366 | D:5      | Learned a level 3 spell: Summon Ice Beast
  4503 | D:5      | Found an iron altar of Okawaru.
  4520 | D:5      | Reached XP level 8. HP: 56/58 MP: 8/14
  4525 | D:5      | Learned a level 4 spell: Olgreb's Toxic Radiance
  5014 | D:6      | Found Vetebil's Jewellery Emporium.
  5056 | D:6      | Reached skill level 6 in Ice Magic
  5237 | D:6      | Reached skill level 1 in Invocations
  5278 | D:6      | Reached skill level 1 in Summonings
  5281 | D:6      | Found a shadowy altar of Dithmenos.
  5286 | D:6      | Found a sand-covered staircase.
  5317 | D:6      | Reached skill level 5 in Dodging
  5371 | Ossuary  | Entered an ossuary
  5409 | Ossuary  | Reached skill level 1 in Evocations
  5599 | Ossuary  | Reached XP level 9. HP: 65/65 MP: 9/16
  5645 | Ossuary  | Reached * piety under Qazlal
  6088 | D:6      | Found a glowing silver altar of Zin.
  6090 | D:6      | Noticed an angel
  6092 | D:6      | Found a shimmering altar of Xom.
  6185 | D:6      | Reached skill level 7 in Ice Magic
  6360 | D:6      | Reached skill level 5 in Spellcasting
  6427 | D:6      | Found a white marble altar of Elyvilon.
  6603 | D:6      | Found a basalt altar of Yredelemnul.
  6801 | D:7      | Found a hide-covered altar of Uskayaw.
  7267 | D:7      | Reached skill level 5 in Alchemy
  7311 | D:7      | Found Famygu's Magic Scroll Shoppe.
  7347 | D:7      | Reached ** piety under Qazlal
  7769 | D:8      | Reached skill level 5 in Ranged Weapons
  7775 | D:8      | Reached XP level 10. HP: 60/73 MP: 6/18
  7890 | D:8      | Found a flagged portal.
  7913 | Bailey   | Entered a bailey
  7953 | Bailey   | Noticed an orc knight
  8037 | Bailey   | Killed an orc knight
  8248 | Bailey   | Reached skill level 5 in Fighting
  8385 | D:8      | Reached *** piety under Qazlal
  8446 | D:8      | Learned a level 3 spell: Mephitic Cloud
  9102 | D:9      | Found Laboul's Distillery.
  9120 | D:9      | Bought a potion of cancellation for 96 gold pieces
  9120 | D:9      | Bought a potion of heal wounds for 60 gold pieces
  9120 | D:9      | Bought a potion of haste for 120 gold pieces
  9120 | D:9      | Bought a potion of curing for 36 gold pieces
  9120 | D:9      | Bought a potion of curing for 36 gold pieces
  9149 | D:9      | Found Toisk's Assorted Antiques.
  9250 | D:9      | Reached skill level 1 in Polearms
  9367 | D:9      | Reached skill level 8 in Ice Magic
  9608 | D:9      | Found a staircase to the Lair.
  9672 | D:9      | Reached XP level 11. HP: 77/79 MP: 7/20
  9749 | D:9      | Found a snail-covered altar of Cheibriados.
  9919 | D:9      | Reached skill level 1 in Air Magic
 10263 | D:9      | Found a glowing golden altar of the Shining One.
 10329 | Lair:1   | Entered Level 1 of the Lair of Beasts
 10352 | Lair:1   | Reached skill level 1 in Conjurations
 10512 | Lair:1   | Noticed Jeremiah
 10544 | Lair:1   | Killed Jeremiah
 10685 | Lair:1   | Noticed a boulder beetle
 10705 | Lair:1   | Killed a boulder beetle
 10765 | Lair:1   | Reached **** piety under Qazlal
 10771 | Lair:1   | Reached skill level 9 in Ice Magic
 10911 | Lair:1   | Noticed Maggie
 10944 | Lair:1   | Killed Maggie
 10969 | Lair:1   | Learned a level 2 spell: Call Imp
 11473 | Lair:1   | Noticed Grum
 11478 | Lair:1   | Killed Grum
 11592 | Lair:1   | Noticed a catoblepas
 11602 | Lair:1   | Killed a catoblepas
 11825 | Lair:2   | Noticed a five-headed hydra
 11868 | Lair:2   | Noticed a death yak
 11868 | Lair:2   | Noticed a death yak
 11868 | Lair:2   | Noticed a death yak
 11887 | Lair:1   | Killed a death yak
 11888 | Lair:1   | Reached XP level 12. HP: 87/87 MP: 12/23
 11898 | Lair:1   | Killed a death yak
 11899 | Lair:1   | Reached skill level 5 in Polearms
 12061 | Lair:2   | Noticed a skyshark
 12071 | Lair:2   | Killed a skyshark
 12251 | Lair:2   | Found a hole to the Spider Nest.
 12274 | Lair:2   | Killed a death yak
 12508 | Lair:2   | Reached skill level 5 in Invocations
 12745 | Lair:2   | Killed a five-headed hydra
 12746 | Lair:2   | Reached skill level 1 in Shields
 13169 | Lair:2   | Found a staircase to the Swamp.
 13668 | Spider:1 | Entered Level 1 of the Spider Nest
 13677 | Spider:1 | Reached skill level 10 in Ice Magic
 13745 | Lair:2   | Reached ***** piety under Qazlal
 13850 | Spider:1 | Reached XP level 13. HP: 81/94 MP: 13/25
 14295 | Spider:1 | Found a runed translucent door.
 14295 | Spider:1 | Noticed Voland's ghost (adept TeAE)
 14308 | Spider:1 | Killed a ghost moth
 14322 | Spider:1 | Killed from afar by Voland's ghost

Illustrated notes

Levels and vault maps discovered:
D:1:      dpeg_arrival_prison, layout_basic
D:2:      minmay_wonky_spiral, layout_basic, basic_altar, serial_shops, shop,
          chequers_serial_rivers_micro_c
D:3:      layout_loops_ring, grunt_gozag_breadcrumbs, uniq_terence
D:4:      layout_cave_pods, palyth_temple_overflow_mages,
          minmay_temple_entry_trees, serial_rivers,
          chequers_serial_rivers_room_a, chequers_serial_rivers_large_b,
          chequers_serial_rivers_micro_d, chequers_serial_rivers_small_b,
          kennysheep_minor_cross, eino_small_chamber_without_monster
D:5:      layout_basic, okawaru_gym_becter
D:6:      layout_loops_cross, kennysheep_ying_yang,
          grunt_temple_overflow_order_and_chaos_1, overflow_temple_1_default,
          nicolae_ossuary_entry_false_entrances, serial_shops,
          nicolae_shop_hallway_stairs, st_stairs_1
D:7:      layout_loops_cross, eat_drink_and_be_merry_uskayaw, serial_shops,
          shop, roderic_batcave, chequers_mini_garden,
          kennysheep_big_empty_room, lightli_minifort
D:8:      layout_loops_cross, enter_bailey_3, skrybe_limestone_x,
          nrook_pool_corridor
D:9:      layout_small_grid, tso_oasis_becter,
          mainiacjoe_overflow_small_starburst, david_lair_generic, serial_shops,
          shop, shop_fountains, grunt_decor_one_mirror
Temple:   hellmonk_temple_two_chambers
Lair:1:   layout_cave_pods, uniq_jeremiah, uniq_maggie, uniq_grum
Lair:2:   layout_roguey, minmay_swamp_entry_worms, spider_nest_entry_webs,
          grunt_megastairs_3
Spider:1: layout_spider_delve, ebering_ghost_inner_flame, nicolae_spider_nook,
          uniq_azrael

Skill      XL: |  1  2  3  4  5  6  7  8  9 10 11 12 13 |
---------------+----------------------------------------+-----
Dodging        | 3 4 5 6 7 8 |  8.2
Fighting       | 1 2 3 4 5 6 |  6.8
Spellcasting   | 3 4 5 6 7 8 |  8.9
Ice Magic      | 5 6 7 8 9 10 | 10.4
Armour         | 1 2 3 4 |  4.1
Alchemy        | 1 2 4 5 6 7 |  7.5
Ranged Weapons | 2 3 5 |  5.9
Invocations    | 1 3 4 5 |  5.6
Summonings     | 1 2 3 4 |  4.7
Evocations     | 1 2 3 4 |  4.4
Polearms       | 2 4 5 6 |  6.5
Air Magic      | 2 |  2.8
Conjurations   | 1 2 3 |  3.1
Shields        | 1 |  1.3
Short Blades   | |  0.7
Stealth        | |  2.6

Action                     |  1- 3 |  4- 6 |  7- 9 | 10-12 | 13-15 || total
---------------------------+-------+-------+-------+-------+-------++-------
  Melee: Unarmed           |     4 |       |       |       |       ||     4
         Dagger            |    53 |    97 |       |       |       ||   150
         Punch             |       |     1 |       |     2 |       ||     3
         Sling             |       |     1 |     2 |       |       ||     3
         Trident           |       |       |       |   272 |    65 ||   337
   Fire: Sling             |       |    20 |   134 |       |       ||   154
         Shortbow          |       |       |   326 |   153 |       ||   479
   Cast: Freeze            |    44 |    60 |    34 |    33 |     2 ||   173
         Frozen Ramparts   |       |       |    27 |    54 |     7 ||    88
         Ozocubu's Armour  |       |       |    18 |    42 |     5 ||    65
         Summon Ice Beast  |       |       |     3 |    29 |     4 ||    36
         Olgreb's Toxic Ra |       |       |       |     1 |       ||     1
         Call Imp          |       |       |       |    17 |     5 ||    22
         Mephitic Cloud    |       |       |       |     5 |     1 ||     6
    Use: Scroll            |       |       |    13 |     6 |       ||    19
         Potion            |       |       |     1 |     5 |     4 ||    10
   Stab: Sleeping          |     1 |     3 |       |       |       ||     4
         Distracted        |       |       |       |     2 |       ||     2
         Confused          |       |       |       |     1 |       ||     1
 Armour: Robe              |    51 |    11 |    69 |    66 |       ||   197
         Scale mail        |       |    92 |    65 |       |       ||   157
         Steam dragon scal |       |       |       |    56 |    44 ||   100
  Dodge: Dodged            |    88 |    93 |   377 |   322 |    50 ||   930
         Repelled          |       |       |       |     1 |       ||     1
  Block: Other             |       |       |     5 |    84 |    29 ||   118
